 Dungeon Crawl Stone Soup version 0.32-a0-42-ga30500b4d3 (webtiles) character file.

Game seed: 13752254443701674571

1563 cforsyth the Fighter (level 9, 0/70 HPs)
             Began as a Djinni Reaver on Jan 29, 2024.
             Slain by a scorpion (7 damage)
             ... on level 5 of the Dungeon.
             The game lasted 00:10:00 (6405 turns).

cforsyth the Fighter (Djinni Reaver)                Turns: 6405, Time: 00:10:01

Health: 0/70       AC:  4    Str: 11    XL:     9   Next: 13%
Gold:   292        EV: 11    Int: 18    God:
                   SH:  0    Dex: 13

rFire   + + .        s - +1 whip (venom)
rCold   . . .        (no shield)
rNeg    + . .        b - +0 leather armour
rPois   ∞            (no helmet)
rElec   .            (no cloak)
rCorr   .            q - +0 pair of gloves
SInv    .            (boots unavailable)
Will    .....        (no amulet)
Stlth   +            g - ring of protection from cold
HPRegen 0.31/turn    m - ring of positive energy
MPRegen 0.00/turn

%: infuse magic (-1 HP)
@: immotile, flying
A: sickness immunity, fire resistance 2, cold vulnerability 1, float, innate
caster, HP casting, extra vitality 1
a: no special abilities


You were on level 5 of the Dungeon.
You visited 2 branches of the dungeon, and saw 7 of its levels.

You collected 292 gold pieces.

Inventory:

Hand Weapons
 a - a +0 short sword
 s - a +1 whip of venom (weapon)
Armour
 b - a +0 leather armour (worn)
 q - a +0 pair of gloves (worn)
Jewellery
 g - a ring of protection from cold (left hand)
 h - a ring of protection from fire
 m - a ring of positive energy (right hand)
 r - a +6 ring of strength
Scrolls
 d - a scroll of silence
 f - 2 scrolls of fear {unknown}
 i - 2 scrolls of immolation {unknown}
 n - a scroll of teleportation {unknown}
 o - a scroll of brand weapon {unknown}
 p - a scroll of butterflies
 t - a scroll of enchant weapon {unknown}
Potions
 c - a potion of enlightenment
 e - 3 potions of curing
 j - a potion of brilliance
 k - a potion of attraction
 l - a potion of mutation


   Skills:
 + Level 8.1 Fighting
 - Level 2.6 Short Blades
 - Level 2.1 Dodging
 + Level 6.5 Spellcasting
 + Level 6.5 Conjurations
 + Level 6.5 Hexes
 + Level 6.5 Summonings
 + Level 6.5 Necromancy
 + Level 6.5 Translocations
 + Level 6.5 Fire Magic
 + Level 6.5 Ice Magic
 + Level 6.5 Air Magic
 + Level 6.5 Earth Magic
 + Level 6.5 Alchemy


You knew the following spells:

 Your Spells              Type           Power      Damage    Failure   Level
a - Kiss of Death         Conj/Necr      100%       2d13      1%          1
b - Momentum Strike       Conj/Tloc      58%        3d9       1%          2
c - Hailstorm             Conj/Ice       29%        3d8       3%          3
d - Sting                 Conj/Alch      100%       1d9       1%          1
e - Searing Ray           Conj           58%        2d6       1%          2
f - Ensorcelled Hibernat  Hex/Ice        58%        N/A       1%          2
g - Anguish               Hex/Necr       14%        N/A       10%         4
Your spell library was empty.

Dungeon Overview and Level Annotations

Branches:
Dungeon (6/15)             Temple (1/1) D:5

Altars:
Ashenzari
Cheibriados
Dithmenos
Elyvilon
Fedhas
Gozag
Hepliaklqana
Nemelex Xobeh
Qazlal
Ru
Trog
Xom
Yredelemnul

Shops:
D:4 *

Annotations:
D:4 2 runed translucent doors


Innate Abilities, Weirdness & Mutations

You are immune to sickness and miasma.
You are immune to poison.
Your flesh is very heat resistant. (rF++)
You are vulnerable to cold. (rC-)
You float through the air rather than walking.
You learn spells naturally, not from books.
Your magical power is your life essence.
You have superior vitality. (+4 MHP)


Message History

Confirm with . or Enter, or press ? or * to list all spells.
Aiming: Ensorcelled Hibernation (safe; 1% risk of failure)
Press: ? - help, Shift-Dir - straight line, f/p - ogre
Aim: an ogre, wielding a +0 giant spiked club (moderately wounded, chance to affect: 59%)
You miscast Ensorcelled Hibernation.
Nothing appears to happen.
The ogre hits you with a +0 giant spiked club!!
* * * LOW HITPOINT WARNING * * *
Casting: Ensorcelled Hibernation (safe; 1% risk of failure)
Confirm with . or Enter, or press ? or * to list all spells.
Aiming: Ensorcelled Hibernation (safe; 1% risk of failure)
Press: ? - help, Shift-Dir - straight line, f/p - ogre
Aim: an ogre, wielding a +0 giant spiked club (moderately wounded, chance to affect: 59%)
The ogre looks drowsy...
* * * LOW HITPOINT WARNING * * *
There is a stone staircase leading up here.
The scorpion stings you.
* * * LOW HITPOINT WARNING * * *
You fly upwards.
Your magical contamination has completely faded away.
There is a stone staircase leading down here.
Casting: Ensorcelled Hibernation (safe; 1% risk of failure)
Confirm with . or Enter, or press ? or * to list all spells.
You don't know that spell.
The scorpion stings you.
* * * LOW HITPOINT WARNING * * *
The scorpion stings you.
* * * LOW HITPOINT WARNING * * *
Unknown command.
Unknown command.
Casting: Ensorcelled Hibernation (safe; 1% risk of failure)
Confirm with . or Enter, or press ? or * to list all spells.
Aiming: Momentum Strike (safe; 1% risk of failure)
Press: ? - help, Dir - move target, f - scorpion
Aim: a scorpion (74% to hit)
The concentrated momentum hits the scorpion!
The scorpion is almost dead.
You are unable to move.
* * * LOW HITPOINT WARNING * * *
The scorpion stings you!
You die...

##.............#.###.#######...#
##.##........###.#.............#
##.##.#.###..# #.#.#.....###...#
##.##.#.# #..# #.#.#.###.# #...#
##.##.#.###..# #.#.#.#
#)###...## ##.##.#.#....#
#.#.#.# #.........
##.##.#.#.#..#
#.#.#.###.###...##
##...........###.>.............#
##.##.#.###.....@s...########.##
#.#.#.#.###..###.#.### #.#
.###.............#)# #<#
#.#.#######......#)# #.# ##.##
########.##########.# ###
#............# ##############


You could see a scorpion.

Vanquished Creatures
  2 water moccasins (D:4)
  An ice beast (D:5)
  A black bear (D:5)
  A phantom (D:2)
  2 scorpions (D:5)
  3 necrophages (D:5)
  3 water moccasin zombies (D:5)
  A howler monkey (D:5)
  2 bullfrog zombies (D:5)
  A human zombie (D:5)
  An orc priest (D:5)
  A gnoll bouda (D:4)
  4 iguanas
  An orc wizard (D:5)
  2 hound zombies (D:5)
  A mummy (D:5)
  17 gnolls
  2 ufetubi (D:5)
  2 dart slugs
  A ribbon worm (D:3)
  12 orcs
  8 bats
  4 endoplasms
  A giant cockroach (D:2)
  5 goblins
  6 hobgoblins
  6 jackals
  3 kobolds
  A quokka (D:5)
  5 ball pythons
  A frilled lizard (D:2)
  2 rats
103 creatures vanquished.

Notes
Turn   | Place    | Note
-------+----------+-------------------------------------------
     0 | D:1      | cforsyth the Djinni Reaver began the quest for the Orb.
     0 | D:1      | cforsyth set off with the following spells memorised: Kiss
                  | of Death, Momentum Strike, Hailstorm.
     0 | D:1      | Reached XP level 1. HP: 18/18 MP: 0/0
   251 | D:1      | Reached XP level 2. HP: 23/23 MP: 0/0
   582 | D:2      | Found a shimmering altar of Xom.
   811 | D:2      | Reached XP level 3. HP: 18/29 MP: 0/0
   811 | D:2      | Learned a level 1 spell: Sting
  1076 | D:3      | Reached skill level 3 in Fighting
  1147 | D:3      | Reached XP level 4. HP: 20/35 MP: 0/0
  1214 | D:3      | Found a shadowy altar of Dithmenos.
  1446 | D:3      | Found a faded altar of an unknown god.
  1595 | D:4      | Noticed a phantom
  1860 | D:2      | Reached XP level 5. HP: 11/37 MP: 0/0
  1860 | D:2      | Learned a level 2 spell: Searing Ray
  2165 | D:2      | Killed a phantom
  2166 | D:2      | Reached skill level 4 in Fighting
  2166 | D:2      | Reached XP level 6. HP: 30/47 MP: 0/0
  2321 | D:4      | Found a large runed translucent door.
  2321 | D:4      | Found a large runed translucent door.
  2747 | D:4      | Found Zerhelor's Serpentskin Sales.
  2747 | D:4      | Noticed a water moccasin
  2747 | D:4      | Noticed a water moccasin
  2755 | D:4      | Killed a water moccasin
  2756 | D:4      | Reached skill level 5 in Fighting
  2756 | D:4      | Reached XP level 7. HP: 30/54 MP: 0/0
  2756 | D:4      | Learned a level 2 spell: Ensorcelled Hibernation
  2848 | D:4      | Killed a water moccasin
  2955 | D:4      | Found a shimmering altar of Xom.
  3151 | D:5      | Entered Level 5 of the Dungeon
  3429 | D:4      | Reached skill level 5 in Spellcasting
  3429 | D:4      | Reached skill level 5 in Conjurations
  3429 | D:4      | Reached skill level 5 in Hexes
  3429 | D:4      | Reached skill level 5 in Summonings
  3429 | D:4      | Reached skill level 5 in Necromancy
  3429 | D:4      | Reached skill level 5 in Translocations
  3429 | D:4      | Reached skill level 5 in Fire Magic
  3429 | D:4      | Reached skill level 5 in Ice Magic
  3429 | D:4      | Reached skill level 5 in Air Magic
  3429 | D:4      | Reached skill level 5 in Earth Magic
  3429 | D:4      | Reached skill level 5 in Alchemy
  3725 | D:5      | Found a staircase to the Ecumenical Temple.
  3745 | Temple   | Entered the Ecumenical Temple
  3871 | D:5      | Reached skill level 6 in Fighting
  4069 | D:5      | Reached XP level 8. HP: 58/62 MP: 0/0
  4838 | D:5      | Reached skill level 7 in Fighting
  5023 | D:5      | Found a basalt altar of Yredelemnul.
  5512 | D:5      | Reached XP level 9. HP: 38/70 MP: 0/0
  5512 | D:5      | Learned a level 4 spell: Anguish
  5964 | D:5      | Reached skill level 8 in Fighting
  6405 | D:5      | Slain by a scorpion

Illustrated notes

Levels and vault maps discovered:
D:1:      lemuel_arrival_broad_hall, layout_rooms, minmay_hedge_maze
D:2:      layout_rooms, basic_altar, minmay_tiny_reverse_x
D:3:      layout_rooms, mainiacjoe_overflow_concentric_impassable,
          ebering_ecumenical_altar_rust
D:4:      due_chaos_kobolds, layout_rooms, guppyfry_shop_venom
D:5:      layout_loops_ring, lemuel_mausoleum_altar_yredelemnul,
          minmay_temple_entry_offerings
D:6:      layout_cave_pools, grunt_temple_overflow_order_and_chaos_2,
          kennysheep_mini_moat, dk_noncrumbling_3
Temple:   chequers_temple_sunken

Skill      XL: |  1  2  3  4  5  6  7  8  9 |
---------------+----------------------------+-----
Spellcasting   | 3 4 5 6 |  6.5
Conjurations   | 3 4 5 6 |  6.5
Hexes          | 3 4 5 6 |  6.5
Summonings     | 3 4 5 6 |  6.5
Necromancy     | 3 4 5 6 |  6.5
Translocations | 3 4 5 6 |  6.5
Fire Magic     | 3 4 5 6 |  6.5
Ice Magic      | 3 4 5 6 |  6.5
Air Magic      | 3 4 5 6 |  6.5
Earth Magic    | 3 4 5 6 |  6.5
Alchemy        | 3 4 5 6 |  6.5
Fighting       | 3 4 5 6 7 8 |  8.1
Short Blades   | |  2.6
Dodging        | |  2.1

Action                     |  1- 3 |  4- 6 |  7- 9 || total
---------------------------+-------+-------+-------++-------
  Melee: Short sword       |    81 |    22 |     8 ||   111
         Punch             |     1 |       |     7 ||     8
         Whip              |       |       |   166 ||   166
   Cast: Momentum Strike   |     2 |     4 |    20 ||    26
         Sting             |    41 |    59 |    76 ||   176
         Kiss of Death     |       |     1 |       ||     1
         Searing Ray       |       |     2 |     5 ||     7
         Ensorcelled Hiber |       |       |     5 ||     5
         Hailstorm         |       |       |     4 ||     4
    Use: Scroll            |       |     5 |     4 ||     9
         Potion            |       |     1 |       ||     1
   Stab: Sleeping          |       |       |     1 ||     1
 Armour: Leather armour    |    50 |    37 |   191 ||   278
  Dodge: Dodged            |    63 |    47 |   123 ||   233

Table legend: (Time is in decaauts)
 A = Elapsed time spent in this place.
 B = Non-inter-level travel time spent in this place.
 C = Inter-level travel time spent in this place.
 D = Time resting spent in this place.
 E = Time spent auto-exploring this place.
 F = Levels seen in this place.
 G = Mean time per level.
                   A        B        C        D        E       F      G
               +--------+--------+--------+--------+--------+-----+--------+
         Total |   6414 |   6262 |    152 |   1950 |   3201 |   7 |  916.3 |
       Dungeon |   6327 |   6201 |    126 |   1950 |   3201 |   6 | 1054.5 |
        Temple |     87 |     61 |     26 |      0 |      0 |   1 |   87.0 |
               +--------+--------+--------+--------+--------+-----+--------+

Top non-repeatable levels by time:
     D:5: 2560 daAuts
     D:4: 1374 daAuts
     D:2: 933 daAuts
     D:3: 907 daAuts
     D:1: 516 daAuts
  Temple: 87 daAuts
     D:6: 35 daAuts
